 Dungeon Crawl Stone Soup version 0.29.0-4-gdea44cf6ec (webtiles) character file.

Game seed: 8385024313371723233

44 qw the Chopper (level 3, 0/21 HPs)
             Began as a Tengu Warper on Aug 28, 2022.
             Slain by Natasha (4 damage)
             ... on level 2 of the Dungeon.
             The game lasted 00:00:08 (1228 turns).

qw the Chopper (Tengu Warper)                       Turns: 1228, Time: 00:00:09

Health: 0/21       AC:  3    Str: 13    XL:     3   Next: 62%
Magic:  7/7        EV: 12    Int: 13    God:
Gold:   69         SH:  0    Dex: 13    Spells: 6/6 levels left

rFire   . . .      SeeInvis .   Y - +1 hand axe
rCold   . . .      Faith    .   (no shield)
rNeg    . . .      Spirit   .   b - +0 leather armour
rPois   .          Reflect  .   (helmet restricted)
rElec   .          Harm     .   (no cloak)
rCorr   .          Rampage  .   (no gloves)
Will    .....                   (boots unavailable)
Stlth   +.........              (no amulet)
HPRegen 0.07/turn               (no ring)
MPRegen 0.10/turn               (no ring)

@: slowed, very slow
A: beak, talons 3
a: no special abilities


You were on level 2 of the Dungeon.
You visited 1 branch of the dungeon, and saw 2 of its levels.

You collected 69 gold pieces.


Innate Abilities, Weirdness & Mutations

You have a beak for a mouth.
You have claws for feet.


   Skills:
 - Level 2.0 Fighting
 + Level 4.3 Axes
 - Level 1.0 Throwing
 - Level 1.1 Armour
 - Level 2.1 Dodging
 - Level 2.0 Spellcasting
 - Level 2.4 Translocations


You had 6 spell levels left.
You didn't know any spells.
Your spell library contained the following spells:

 Spells                   Type           Power      Damage    Failure   Level
 Blink                    Tloc           14%        N/A       19%         2
 Gell's Gravitas          Tloc           7%         N/A       36%         3
 Lesser Beckoning         Tloc           7%         N/A       36%         3
 Teleport Other           Tloc           7%         N/A       36%         3
 Manifold Assault         Tloc           7%         N/A       98%         5

Inventory:

Hand Weapons
 d - a +0 flail
 Y - a +1 hand axe (weapon)
Armour
 b - a +0 leather armour (worn)
 c - a +0 pair of gloves
 g - a +0 scale mail
Scrolls
 a - 2 scrolls of teleportation {unknown}
 e - 3 scrolls of noise {unknown}
 f - a scroll of vulnerability {unknown}
Potions
 h - a potion of haste {unknown}
 i - a potion of heal wounds {unknown}
 j - a potion of invisibility {unknown}

Dungeon Overview and Level Annotations

Branches:
Dungeon (2/15)

Altars:

Annotations:
D:2 Natasha


Message History

A hobgoblin comes into view.
You see here a +0 scale mail.
You slash the hobgoblin!
You kill the hobgoblin!
g - a +0 scale mail
Found a stone staircase leading down.
i - a fuming red potion
e - 3 scrolls labelled HUNOST ESSI (gained 2)
j - a dark potion
a - 2 scrolls labelled LEFRATEZAEBB (gained 1)
A giant cockroach comes into view.
You see here 10 gold pieces.
You completely miss the giant cockroach.
The giant cockroach bites you.
You hit the giant cockroach. You claw the giant cockroach.
You kill the giant cockroach!
You start resting.
HP restored.
You now have 69 gold pieces (gained 10).
You see here a giant cockroach corpse.
Natasha, Servant of Life and Death comes into view.
Natasha hisses angrily.
Enter note:
1220 ||| Stepping ~*~*~tactically~*~*~ (hiding).
1221 ||| Stepping ~*~*~tactically~*~*~ (hiding).
You start waiting.
Natasha is nearby!
You closely miss Natasha. Natasha claws you!
You hit Natasha. You peck Natasha.
Natasha is heavily wounded.
Natasha stares at you and mumbles some strange words.
You feel yourself slow down.
You miss Natasha. Your kick misses Natasha.
Natasha is heavily wounded.
Natasha claws you. x2
You hit Natasha. Your kick misses Natasha.
Natasha is heavily wounded.
Natasha completely misses you. Natasha claws you.
You die...

.............##
...............
.............##
..............#
...............
.............#
............#
#h....###
#@.......
#..#...#. #..#
#... #..# .#
#..# # #..# .#
#..# .# ##..#
#. #.. #...##
#.# ##...


You could see Natasha.

Vanquished Creatures
  An adder (D:2)
  4 ball pythons (D:1)
  4 bats
  3 endoplasms
  A giant cockroach (D:2)
  2 goblins (D:1)
  3 hobgoblins
  2 kobolds (D:1)
  5 quokkas
  2 frilled lizards (D:1)
  5 rats
32 creatures vanquished.

Notes
Turn   | Place    | Note
-------+----------+-------------------------------------------
     0 | D:1      | qw the Tengu Warper began the quest for the Orb.
     0 | D:1      | Reached XP level 1. HP: 12/12 MP: 4/4
     0 | D:1      | 0 ||| qw: Version: 0.1-a-89-g26bdef1
     0 | D:1      | 0 ||| qw: Game counter: 2006
     0 | D:1      | 0 ||| qw: Always use a shield: true
     0 | D:1      | 0 ||| qw: God list: Okawaru
     0 | D:1      | 0 ||| qw: Allow faded altars: false
     0 | D:1      | 0 ||| qw: Do Orc after D:15 true
     0 | D:1      | 0 ||| qw: Do second Lair branch before Depths: true
     0 | D:1      | 0 ||| qw: Lair rune preference: random
     0 | D:1      | 0 ||| qw: Plans: Normal
     0 | D:1      | 0 ||| PLANNING D:1-11
    29 | D:1      | 29 ||| Stepping ~*~*~tactically~*~*~ (stealth).
    31 | D:1      | 31 ||| Stepping ~*~*~tactically~*~*~ (stealth).
    32 | D:1      | 32 ||| Stepping ~*~*~tactically~*~*~ (stealth).
    77 | D:1      | 77 ||| Stepping ~*~*~tactically~*~*~ (stealth).
    79 | D:1      | 79 ||| Stepping ~*~*~tactically~*~*~ (stealth).
    80 | D:1      | 80 ||| Stepping ~*~*~tactically~*~*~ (stealth).
    83 | D:1      | Reached XP level 2. HP: 17/17 MP: 6/6
    93 | D:1      | Reached skill level 3 in Axes
   841 | D:1      | Reached XP level 3. HP: 21/21 MP: 7/7
   841 | D:1      | 841 ||| READING 2 scrolls labelled DORUOH UNTIF.
   842 | D:1      | 842 ||| READING scroll labelled AFRIJETY BOUMP.
   843 | D:1      | 843 ||| READING scroll labelled ZAT CEDGHIPINN.
   844 | D:1      | 844 ||| READING scroll labelled XEVUIS BYEGGI.
   845 | D:1      | 845 ||| READING scroll labelled QILUPN ON NAZI.
   846 | D:1      | 846 ||| DRINKING 2 bubbling brown potions.
   847 | D:1      | 847 ||| DROPPING scroll of magic mapping.
   848 | D:1      | 848 ||| DROPPING scroll of blinking.
   849 | D:1      | 849 ||| DROPPING potion of brilliance.
   974 | D:2      | Reached skill level 4 in Axes
  1219 | D:2      | Noticed Natasha
  1220 | D:2      | 1220 ||| Stepping ~*~*~tactically~*~*~ (hiding).
  1221 | D:2      | 1221 ||| Stepping ~*~*~tactically~*~*~ (hiding).
  1227 | D:2      | HP: 4/21 [Natasha (5)]
  1228 | D:2      | Slain by Natasha

Levels and vault maps discovered:
D:1:      minmay_arrival_semitransparent, layout_basic
D:2:      layout_rooms, hangedman_feature_mirror, uniq_natasha

Skill      XL: |  1  2  3 |
---------------+----------+-----
Axes           | 3 4 |  4.3
Fighting       | |  2.0
Throwing       | |  1.0
Armour         | |  1.1
Dodging        | |  2.1
Spellcasting   | |  2.0
Translocations | |  2.4

Action                   || total
-------------------------++-------
Melee: Hand axe          ||    67
       Peck              ||     9
       Kick              ||    12
       Punch             ||     1
Throw: Boomerang         ||     7
  Use: Scroll            ||     5
       Potion            ||     1
Armor: Leather armour    ||    15
Dodge: Dodged            ||    42

Table legend:
 A = Non-vault XP
 B = Vault XP
 C = Vault XP percentage of total XP
 D = Non-vault monster count
 E = Vault monster count
 F = Vault count percentage of total count
                 A         B        C        D         E       F
            +---------+---------+-------+---------+---------+-------
      Total |      58 |       6 |   9.4 |      29 |       3 |   9.4
            +---------+---------+-------+---------+---------+-------
        D:1 |      34 |       0 |   0.0 |      21 |       0 |   0.0
        D:2 |      24 |       6 |  20.0 |       8 |       3 |  27.3
            +---------+---------+-------+---------+---------+-------
